 Dungeon Crawl Stone Soup version 0.24-a0-537-g2d01d4ab0a (webtiles) character file.

Game seed: 14948367061079123932

116 BinkBink the Shooter (level 4, -1/37 HPs)
             Began as a Centaur Hunter on Aug 16, 2019.
             Shot with an arrow by a centaur (8 damage)
             ... on level 3 of the Dungeon.
             The game lasted 00:03:48 (1531 turns).

BinkBink the Shooter (Centaur Hunter)               Turns: 1531, Time: 00:03:48

Health: -1/37      AC:  4    Str: 15    XL:     4   Next: 70%
Magic:  4/4        EV:  9    Int: 10    God:
Gold:   121        SH:  0    Dex: 10    Spells: 3/3 levels left

rFire    . . .     SeeInvis .   a - +1 shortbow
rCold    . . .     Gourm    .   (shield currently unavailable)
rNeg     . . .     Faith    .   c - +0 leather armour
rPois    .         Spirit   .   (no helmet)
rElec    .         Reflect  .   (no cloak)
rCorr    .         Harm     .   (no gloves)
MR       .....                  (no barding)
Stlth    +.........             (no amulet)
HPRegen  0.12/turn              (no ring)
MPRegen  0.09/turn              (no ring)

@: very quick
A: large, hooves 3, deformed body, speed 2, tough skin 3
a: no special abilities


You were on level 3 of the Dungeon.
You were hungry.

You visited 1 branch of the dungeon, and saw 3 of its levels.

You collected 121 gold pieces.

Inventory:

Hand Weapons
 a - a +1 shortbow (weapon)
 b - a +0 short sword
Armour
 c - a +0 leather armour (worn)
 o - a +0 robe
Wands
 l - a wand of random effects (8)
Scrolls
 e - 5 scrolls of identify {unknown}
 g - 3 scrolls of enchant weapon {unknown}
 n - a scroll of teleportation {unknown}
Potions
 h - a potion of curing {unknown}
 i - a potion of degeneration {unknown}
 j - a potion of brilliance {unknown}
 k - a potion of mutation {unknown}
 m - a potion of heal wounds {unknown}
Comestibles
 f - 5 rations


   Skills:
 + Level 2.4 Fighting
 + Level 7.7 Bows
 + Level 0.2 Armour
 + Level 1.4 Dodging
 + Level 0.4 Stealth


You had 3 spell levels left.
You didn't know any spells.
Your spell library was empty.

Dungeon Overview and Level Annotations

Branches:
Dungeon (3/15)

Altars:


Innate Abilities, Weirdness & Mutations

You have hooves in place of feet.
Armour fits poorly on your strangely shaped body.
You cover ground very quickly.
You have extremely tough skin. (AC +3)


Message History

Press: ? - help, Shift-Dir - straight line, f/p - centaur
Aim: a centaur, wielding a +0 shortbow You shoot an arrow.
The arrow hits the centaur.
The centaur is lightly wounded.
The centaur shoots an arrow.
The arrow hits you!
Firing (i - inventory)
d - 2 arrows (quivered)
Press: ? - help, Shift-Dir - straight line, f/p - centaur
Aim: a centaur, wielding a +0 shortbow (lightly wounded)
You shoot an arrow. The arrow hits the centaur.
The centaur is lightly wounded.
The centaur shoots an arrow.
The arrow hits you.
Firing (i - inventory)
d - an arrow (quivered)
Press: ? - help, Shift-Dir - straight line, f/p - centaur
Aim: a centaur, wielding a +0 shortbow (lightly wounded)
You shoot an arrow. The arrow hits the centaur!
The centaur is heavily wounded.
The centaur shoots an arrow.
The arrow hits you!
* * * LOW HITPOINT WARNING * * *
The centaur shoots an arrow.
The arrow hits you!
You die...

# #.# # #.# # #.#### #
#....#
#############....#
#................#
#.############...#
#.#...#<....#....+
..#.#.#...#.#..(@#
#.........#.#...........
............#.##........
............#. #......c.
.##########.#. #...(.!.(
## #.#. #........ #.#
#........
#.#.###################
#.#.# #.......#


You could see a centaur.

Vanquished Creatures
  Terence (D:2)
  3 adders (D:2)
  2 oozes
  A dart slug (D:1)
  A leopard gecko (D:2)
  3 giant cockroaches
  11 goblins
  8 hobgoblins
  A quokka (D:2)
  3 ball pythons
  4 bats
  4 frilled lizards
  7 kobolds
  7 rats
56 creatures vanquished.

Notes
Turn   | Place    | Note
-------+----------+-------------------------------------------
     0 | D:1      | BinkBink the Centaur Hunter began the quest for the Orb.
     0 | D:1      | Reached XP level 1. HP: 17/17 MP: 1/1
    16 | D:1      | Reached XP level 2. HP: 24/24 MP: 2/2
    34 | D:1      | Reached skill level 6 in Bows
   485 | D:2      | Reached XP level 3. HP: 29/29 MP: 3/3
   582 | D:2      | Noticed Terence
   729 | D:2      | Killed Terence
   809 | D:2      | Reached skill level 7 in Bows
   926 | D:2      | Reached XP level 4. HP: 36/37 MP: 4/4
  1527 | D:3      | Noticed a centaur
  1531 | D:3      | Shot with an arrow by a centaur

Levels and vault maps discovered:
D:1:      matt_arrival_grand_opening, layout_rooms
D:2:      minmay_chambers_of_twos, layout_basic, first_ration, uniq_terence
D:3:      layout_basic

Skill      XL: |  1  2  3 |
---------------+----------+-----
Bows           | 6 7 |  7.7
Fighting       | |  2.4
Armour         | |  0.2
Dodging        | |  1.4
Stealth        | |  0.4

Action                   |  1- 3 |  4- 6 || total
-------------------------+-------+-------++-------
Melee: Short sword       |       |     1 ||     1
 Fire: Shortbow          |   106 |    78 ||   184
Armor: Leather armour    |    10 |    13 ||    23
Dodge: Dodged            |    13 |    13 ||    26

Table legend:
 A = Non-vault XP
 B = Vault XP
 C = Vault XP percentage of total XP
 D = Non-vault monster count
 E = Vault monster count
 F = Vault count percentage of total count
                 A         B        C        D         E       F
            +---------+---------+-------+---------+---------+-------
      Total |     123 |      44 |  26.3 |      47 |       9 |  16.1
            +---------+---------+-------+---------+---------+-------
        D:1 |      37 |       0 |   0.0 |      18 |       0 |   0.0
        D:2 |      81 |      44 |  35.2 |      26 |       9 |  25.7
        D:3 |       5 |       0 |   0.0 |       3 |       0 |   0.0
            +---------+---------+-------+---------+---------+-------
